 Dungeon Crawl Stone Soup version 0.18.1-8-gdd0e5ea (console) character file.

218888 Kloppie the Warrior (level 18, -4/173 HPs)
             Began as a Purple Draconian Berserker on June 12, 2016.
             Was a High Priest of Trog.
             Slain by a naga mage
             ... wielding a +1 spear of venom
              (7 damage)
             ... on level 4 of the Snake Pit.
             The game lasted 01:28:24 (45275 turns).

Kloppie the Warrior (Purple Draconian Berserker)   Turns: 45275, Time: 01:28:25

Health: -4/173     AC: 19    Str: 21    XL:     18   Next: 43%
Magic:  6/6        EV: 24    Int:  9    God:    Trog [*****.]
Gold:   638        SH: 15    Dex: 20    Spells: 0 memorised, 17 levels left

rFire  . . .     SeeInvis .     h - +2 eveningstar (antimagic)
rCold  + . .     Gourm    +     (armour unavailable)
rNeg   . . .     Faith    .     j - +0 shield
rPois  +         Spirit   .     (helmet restricted)
rElec  .         Dismiss  .     O - +1 cloak "Egiol" {rCorr Dex+4}
rCorr  +         Reflect  .     Q - +3 pair of gauntlets of War {Slay+5}
SustAt .         Harm     .     t - +2 pair of boots
MR     ++...                    f - amulet of the gourmand
Stlth  +++.......               c - ring of protection from cold
                                D - ring of poison resistance

@: lethally poisoned (-4 -> -6), constricted, very resistant to hostile
enchantments, fairly stealthy
A: breathe power, unfitting armour, cold-blooded, AC +10
a: Breathe Dispelling Energy, Berserk, Trog's Hand, Brothers in Arms, Burn
Spellbooks, Renounce Religion
}: 1/15 runes: decaying


You were on level 4 of the Snake Pit.
You worshipped Trog.
Trog was extremely pleased with you.
You were not hungry.

You visited 5 branches of the dungeon, and saw 33 of its levels.
You also visited: Sewer, Ice Cave and Volcano.

You collected 3339 gold pieces.
You spent 2701 gold pieces at shops.

Inventory:

Hand Weapons
 a - a +4 antimagic demon whip
 d - a +2 morningstar of holy wrath
 h - a +2 antimagic eveningstar (weapon)
 G - a +1 eveningstar of draining
Armour
 j - a +0 shield (worn)
 t - a +2 pair of boots (worn)
 O - the +1 cloak "Egiol" (worn) {rCorr Dex+4}
   (You bought it in a shop on level 4 of the Dungeon)

   It affects your dexterity (+4).
   It protects you from acid and corrosion.
 Q - the +3 pair of gauntlets of War (worn) {Slay+5}
   (You bought it in a shop on level 3 of the Snake Pit)

   It affects your accuracy and damage with ranged weapons and melee attacks
   (+5).
Jewellery
 c - a ring of protection from cold (right hand)
 f - an amulet of the gourmand (around neck)
 k - an uncursed ring of protection from fire
 m - an uncursed ring of protection from magic
 B - the ring "Ublun" {MP+9 Str+4 SInv}
   (You found it on level 7 of the Dungeon)

   [ring of see invisible]

   It affects your strength (+4).
   It affects your magic capacity (+9).
   It lets you see invisible.
 D - a ring of poison resistance (left hand)
 E - an uncursed amulet of faith
 F - the cursed ring "Sobirue" {rElec rC+ Str-6}
   (You found it on level 3 of the Lair of Beasts)

   [ring of strength]

   It affects your strength (-6).
   It protects you from cold.
   It insulates you from electricity.
   It has a curse placed upon it.
Wands
 u - a wand of digging (18/24)
 y - a wand of paralysis (4/24)
 I - a wand of confusion (26/48)
 W - a wand of teleportation (3/9)
Scrolls
 e - a scroll of brand weapon
 i - 9 scrolls of teleportation
 n - 7 scrolls of recharging
 o - 5 scrolls of fog
 p - a scroll of blinking
 v - 5 scrolls of remove curse
 x - 16 scrolls of identify
 z - 5 scrolls of fear
 H - 5 scrolls of enchant armour
 L - 3 scrolls of magic mapping
 R - 3 scrolls of enchant weapon
Potions
 g - 2 potions of invisibility
 q - 7 potions of curing
 r - 5 potions of flight
 J - a potion of ambrosia
 K - 3 potions of might
 M - 3 potions of agility
 N - 3 potions of cure mutation
 P - a potion of resistance
 V - a potion of cancellation
Comestibles
 b - 19 bread rations
 l - 4 meat rations
 s - 14 fruits
 w - 18 beef jerkies
 A - 2 slices of pizza


   Skills:
 + Level 18.5 Fighting
 + Level 16.2 Maces & Flails
 + Level 16.1 Dodging
 - Level 5.2 Stealth
 - Level 15.1 Shields


You had 17 spell levels left.
You didn't know any spells.

Dungeon Overview and Level Annotations

Branches:
Dungeon (15/15)            Temple (0/1) D:5            Lair (8/8) D:10
  Swamp (4/4) Lair:3        Snake (4/4) Lair:5        Slime (0/6) Lair:8
    Orc (2/2) D:9             Elf (0/3) Orc:2        Vaults (0/5) D:13
 Depths (0/5) D:15

Altars:
Ashenzari
Cheibriados
Dithmenos
Elyvilon
Fedhas
Gozag
Makhleb
Nemelex Xobeh
Okawaru
Pakellas
Qazlal
Ru
Sif Muna
Trog
Beogh

Shops:
D:4 :[   D:10 ![(   Orc:1 }[   Orc:2 ***}[   Snake:1 =   Snake:3 [

Annotations:
Lair:4 exclusion: 4 oklob plants
Snake:4 Vashnia


Innate Abilities, Weirdness & Mutations

You can breathe bolts of dispelling energy.
Your rich purple scales are hard (AC +10).
Your body does not fit into most forms of armour.
You are cold-blooded and may be slowed by cold attacks.


Message History

You feel sick.
You feel sick.
The guardian serpent casts a spell at you.
The bolt of poison misses you.
You feel sick. You block the anaconda's attack.
The anaconda completely misses you.
The guardian serpent casts a spell.
The naga mage blinks into view!
The greater naga blinks into view!
You block the anaconda's attack. The anaconda closely misses you.
The greater naga spits poison at you. The splash of poison misses you.
The splash of poison hits the naga mage.
The naga mage is poisoned.
You feel sick.
The naga mage points at you and mumbles some strange words.
You resist with almost no effort. The greater naga hits you with a spear!
* * * LOW HITPOINT WARNING * * *
The greater naga grabs you. The greater naga constricts you.
The naga mage hits you from afar with a spear of venom!
You die...

#...# #...## ....## ##...#
#NN.##.## #....##
.##SNN##...##...####....##
..##NN.NN.##......##...[.#
### #NNNN##...........<..##
######NN##.§§#............##
.....((NN§§§§§.#...........##
.........S§§#S..N[..........#
...#....§§S###SS@.#.....##..#
....§####§§§§§N#.<#.....##..#
.....#.#.§#§§.....#.....##..#
.#.N..##..###§§§........##..#
........[....§#.....##......#
.....##.......#.....##......#
.....##.......#...#.##....#.#
#.....#.....#.#.....##....#.#
...........##.#......#...##.#


You could see a greater naga, an anaconda, a guardian serpent, a black mamba and
a naga mage.

Vanquished Creatures
  Nikola (Swamp:4)
  An Ice Fiend (IceCv)
  2 thorn hunters (Swamp:4)
  Kirke (Snake:2)
  4 greater nagas
  Aizul (Snake:1)
  An orc warlord (Orc:2)
  Maud (Lair:6)
  Louise (D:15)
  A fire dragon (D:13)
  Josephine (Lair:6)
  The ghost of MirrMurr the Unseen, a journeyman SpEn of Ashenzari (Lair:6)
  8 naga warriors
  3 ghost crabs
  14 hydras
  The ghost of fufumann the Fighter, a journeyman GrBe of Trog (Lair:1)
  The ghost of MirrMurr the Covert, a journeyman SpEn of Ashenzari (Volcano)
  A centaur warrior (D:14)
  11 anacondas
  Erica (D:8)
  6 alligators
  5 orc high priests (Orc:2)
  10 death yaks
  A tengu warrior (D:10)
  3 naga sharpshooters
  10 shock serpents
  A titan skeleton (D:15)
  Urug (D:15)
  The ghost of KrisztiCat the Thaumaturge, a novice GrEE of Vehumet (Lair:1)
  12 skeletal warriors
  An iron giant skeleton (D:15)
  A shadow wraith (D:13)
  A golden dragon zombie (D:15)
  2 spriggan druids
  2 unseen horrors (D:15)
  A deep troll (D:13)
  5 shambling mangroves
  3 naga ritualists
  4 hill giants
  11 swamp dragons
  A phantasmal warrior (D:15)
  Pikel (D:7)
  A necromancer (D:15)
  3 orc knights
  3 mana vipers
  9 ugly things
  An oklob plant (Lair:4)
  7 cyclopes
  5 salamanders
  3 hornets (Swamp:3)
  3 deep elf magi
  A fire giant zombie (D:15)
  2 manticores
  18 elephants (Lair:7)
  6 griffons
  Maurice (D:8)
  35 black mambas
  12 naga magi
  5 guardian serpents
  5 ice statues (IceCv)
  A torpor snail (Lair:7)
  The ghost of lepiPlod666 the Tainter, a novice NaVM of Vehumet (D:5)
  A gargoyle (D:15)
  21 spiny frogs
  A freezing wraith (D:15)
  5 rime drakes
  11 komodo dragons
  10 ice devils (IceCv)
  A harpy zombie (D:15)
  3 anaconda simulacra (IceCv)
  A golden dragon simulacrum (IceCv)
  A polar bear (shapeshifter) (D:13)
  13 polar bears
  A troll (D:15)
  Grinder (D:3)
  6 giant leeches
  2 two-headed ogres
  10 bog bodies
  The ghost of tschems the Magician, an amateur HuWz (D:3)
  21 blink frogs
  Prince Ribbit (D:5)
  30 slime creatures
  A centaur simulacrum (D:15)
  12 spriggans
  4 wraiths (Lair:6)
  66 yaks
  2 dire elephant simulacra (IceCv)
  4 shadows
  5 redbacks (Lair:8)
  A wyvern (D:15)
  Eustachio (D:4)
  2 basilisks
  9 fire bats (Volcano)
  A steam dragon (Lair:7)
  4 hungry ghosts
  11 hippogriffs
  18 vampire mosquitoes
  27 nagas
  25 swamp worms
  Edmund (D:6)
  6 wargs
  2 iron troll simulacra (IceCv)
  3 soldier ants
  5 insubstantial wisps (Swamp:3)
  A hydra simulacrum (IceCv)
  13 porcupines
  24 water moccasins
  12 swamp drakes
  32 orc warriors
  13 ice beasts
  4 sky beasts
  An ettin simulacrum (IceCv)
  25 wasps
  12 black bears
  A slave (D:7)
  4 phantoms
  15 ogres
  30 wolves
  25 centaurs
  19 crocodiles
  5 big kobolds
  16 giant frogs
  6 scorpions
  16 killer bees
  17 wights
  An electric eel (Lair:3)
  3 howler monkeys
  7 crimson imps
  A lava snake (Volcano)
  2 giant frog zombies
  2 centaur zombies
  A wasp zombie (D:11)
  21 jellies
  3 hounds
  A quasit (D:13)
  2 giant frog skeletons
  38 orc priests
  28 orc wizards
  6 centaur skeletons
  9 iguanas
  Natasha (thrice) (D:4 D:5)
  12 worker ants
  26 sheep
  2 hound skeletons
  2 worker ant zombies
  2 gnolls (D:8)
  17 adders
  41 river rats
  4 shadow imps
  19 oozes
  5 adder skeletons
  3 worms
  6 dart slugs
  9 giant geckos
  85 orcs
  8 giant cockroaches
  6 goblins
  11 hobgoblins
  12 jackals
  8 quokkas
  2 ball pythons
  13 bats
  A giant gecko skeleton (D:4)
  12 giant newts
  21 kobolds
  9 rats
  A briar patch (Swamp:4)
  A butterfly (D:5)
  A fungus (Lair:4)
1370 creatures vanquished.

Vanquished Creatures (collateral kills)
  A thorn hunter (Swamp:3)
  A greater naga (Snake:4)
  Nessos (D:14)
  A naga warrior (Snake:4)
  An anaconda (Snake:4)
  A spriggan (Lair:8)
  2 naga ritualists
  A mana viper (Snake:4)
  2 black mambas
  2 guardian serpents (Snake:4)
  3 naga magi
  A troll (D:14)
  A spriggan druid (Lair:8)
  A blink frog (Lair:8)
  A wraith (Lair:6)
  A fire bat (Volcano)
  2 hogs (Snake:2)
  A vampire mosquito (Swamp:3)
  4 nagas
  A water moccasin (Lair:8)
  A wasp (Lair:8)
  3 orc warriors (Orc:2)
  An ogre (D:14)
  A wolf (Lair:8)
  2 jellies (Lair:8)
  2 orc priests (Orc:2)
  7 orcs (Orc:2)
46 creatures vanquished.

Vanquished Creatures (others)
  A spriggan (Swamp:2)
  A hungry ghost (D:7)
  A swamp drake (Swamp:3)
  A wasp (Swamp:4)
  An ogre (D:6)
  A worker ant (D:6)
  A sheep (D:13)
  A giant gecko (D:7)
  A giant cockroach (D:7)
  A quokka (D:7)
  2 briar patches (Swamp:4)
  15 fungi
  13 plants
40 creatures vanquished.

Grand Total: 1456 creatures vanquished

Notes
Turn   | Place    | Note
--------------------------------------------------------------
     0 | D:1      | Kloppie the Draconian Berserker began the quest for the Orb.
     0 | D:1      | Reached XP level 1. HP: 19/19 MP: 1/1
   137 | D:1      | Reached XP level 2. HP: 18/26 MP: 2/2
   206 | D:1      | Reached ** piety under Trog
   270 | D:1      | Reached XP level 3. HP: 25/33 MP: 3/3
   319 | D:1      | Reached skill level 4 in Fighting
   638 | D:2      | Found an iron altar of Okawaru.
   708 | D:2      | Reached XP level 4. HP: 39/40 MP: 4/4
   796 | D:2      | Reached *** piety under Trog
  1334 | D:3      | Found a faded altar to an unknown god.
  1379 | D:3      | Noticed tschems's ghost (amateur HuWz)
  1392 | D:3      | Killed tschems's ghost
  1392 | D:3      | Reached skill level 5 in Fighting
  1392 | D:3      | Reached skill level 5 in Maces & Flails
  1392 | D:3      | Reached XP level 5. HP: 48/48 MP: 5/5
  1392 | D:3      | Reached XP level 6. HP: 56/56 MP: 6/6
  1487 | D:3      | Noticed Grinder
  1507 | D:3      | Killed Grinder
  1664 | D:3      | Your scales start taking on a rich purple colour.
  1664 | D:3      | Reached XP level 7. HP: 55/61 MP: 7/7
  1760 | D:4      | Found a sparkling altar of Nemelex Xobeh.
  1796 | D:4      | Noticed Eustachio
  1818 | D:4      | Killed Eustachio
  1827 | D:4      | Found Oziuxa's Antique Armour Boutique.
  1829 | D:4      | Noticed Natasha
  1839 | D:4      | Killed Natasha
  1843 | D:4      | Bought a pair of glowing boots for 148 gold pieces
  1905 | D:4      | Found a shattered altar of Ashenzari.
  1920 | D:4      | Reached skill level 6 in Fighting
  1980 | D:4      | Reached **** piety under Trog
  2037 | D:4      | Noticed Natasha
  2042 | D:4      | Killed Natasha
  2099 | D:4      | Found a glowing drain.
  2107 | Sewer    | Entered a sewer
  2521 | D:4      | Reached skill level 5 in Dodging
  2521 | D:4      | Reached XP level 8. HP: 66/71 MP: 8/8
  2763 | D:4      | Found Xuruzess's Book Emporium.
  2940 | D:5      | Entered Level 5 of the Dungeon
  3005 | D:5      | Found a staircase to the Ecumenical Temple.
  3005 | D:5      | Noticed Prince Ribbit
  3021 | D:5      | Killed Prince Ribbit
  3105 | D:5      | Noticed lepiPlod666's ghost (novice NaVM)
  3133 | D:5      | Killed lepiPlod666's ghost
  3133 | D:5      | Reached skill level 7 in Fighting
  3249 | D:5      | Noticed Natasha
  3271 | D:5      | Killed Natasha
  3437 | D:5      | Identified a scroll of acquirement
  3541 | D:5      | Found an opulent altar of Gozag.
  3886 | D:6      | Reached XP level 9. HP: 79/79 MP: 9/9
  4116 | D:6      | Noticed Edmund
  4133 | D:6      | Killed Edmund
  5011 | D:7      | Reached skill level 8 in Fighting
  5024 | D:7      | Reached skill level 10 in Maces & Flails
  5739 | D:7      | Received a gift from Trog
  5742 | D:7      | Got a brightly glowing platinum ring
  5750 | D:7      | Identified the ring "Ublun" {MP+9 Str+4 SInv} (You found it on level 7 of the Dungeon)
  5775 | D:7      | Noticed Pikel
  5788 | D:7      | Killed Pikel
  5788 | D:7      | Reached XP level 10. HP: 37/90 MP: 10/10
  6105 | D:7      | Found a white marble altar of Elyvilon.
  6187 | D:8      | Reached skill level 9 in Fighting
  6486 | D:8      | Noticed Erica
  6498 | D:8      | Killed Erica
  6596 | D:8      | Noticed Maurice
  6707 | D:8      | Killed Maurice
  7249 | D:8      | Found a snail-covered altar of Cheibriados.
  7399 | D:9      | Reached ***** piety under Trog
  7646 | D:9      | Found a staircase to the Orcish Mines.
  7936 | D:9      | Reached XP level 11. HP: 95/99 MP: 11/11
  8080 | D:9      | Reached skill level 10 in Fighting
  8210 | D:9      | Found a blossoming altar of Fedhas.
  8697 | D:9      | Found an oddly glowing altar of Pakellas.
  8698 | D:9      | Found a burning altar of Makhleb.
  8699 | D:9      | Found a deep blue altar of Sif Muna.
  8699 | D:9      | Found a shadowy altar of Dithmenos.
  8699 | D:9      | Found a bloodstained altar of Trog.
  8702 | D:9      | Found a stormy altar of Qazlal.
  8703 | D:9      | Found an iron altar of Okawaru.
  8838 | D:10     | Entered Level 10 of the Dungeon
  8855 | D:10     | Received a gift from Trog
  8974 | D:10     | Found Bedaoqo's Distillery.
  8979 | D:10     | Bought a potion of degeneration for 12 gold pieces
  9145 | D:4      | Bought an ancient cloak for 313 gold pieces
  9155 | D:4      | Identified the +1 cloak "Egiol" {rCorr Dex+4} (You bought it in a shop on level 4 of the Dungeon)
  9439 | D:10     | Found Oraf's Weapon Shop.
  9603 | D:10     | Found Teuschoe's Antique Armour Emporium.
  9621 | D:10     | Found a staircase to the Lair.
  9719 | D:10     | Noticed a tengu warrior
  9729 | D:10     | Killed a tengu warrior
  9775 | D:10     | Found an oddly glowing altar of Pakellas.
  9956 | D:10     | Noticed a hill giant
  9960 | D:10     | Killed a hill giant
  9960 | D:10     | Received a gift from Trog
 10009 | Lair:1   | Entered Level 1 of the Lair of Beasts
 10053 | Lair:1   | Noticed fufumann's ghost (journeyman GrBe)
 10243 | Lair:1   | Killed fufumann's ghost
 10336 | Lair:1   | Reached skill level 11 in Fighting
 10497 | Lair:1   | Noticed KrisztiCat's ghost (novice GrEE)
 10862 | Lair:1   | Reached XP level 12. HP: 71/110 MP: 12/12
 11097 | Lair:1   | Killed KrisztiCat's ghost
 11622 | Lair:2   | Reached skill level 1 in Stealth
 11973 | Lair:2   | Reached skill level 1 in Shields
 12371 | Lair:2   | Reached skill level 10 in Dodging
 12973 | Lair:3   | Got an ancient amber ring
 12974 | Lair:3   | Identified the cursed ring "Sobirue" {rElec rC+ Str-6} (You found it on level 3 of the Lair of Beasts)
 13069 | Lair:3   | Received a gift from Trog
 13360 | Lair:3   | Found a staircase to the Swamp.
 13714 | Lair:3   | Reached skill level 12 in Fighting
 14313 | Lair:4   | Found a dark tunnel.
 14318 | Volcano  | Entered a volcano
 14337 | Volcano  | Noticed MirrMurr's ghost (journeyman SpEn)
 14424 | Volcano  | Killed MirrMurr's ghost
 14607 | Volcano  | Found a burning altar of Makhleb.
 15075 | Lair:4   | Reached skill level 5 in Shields
 15474 | Lair:5   | Reached XP level 13. HP: 94/119 MP: 13/13
 15531 | Lair:5   | Found a staircase to the Snake Pit.
 15788 | Lair:5   | Reached skill level 13 in Fighting
 16557 | Lair:6   | Reached ****** piety under Trog
 16559 | Lair:6   | Noticed Maud
 16838 | Lair:6   | Killed Maud
 16838 | Lair:6   | Reached skill level 5 in Stealth
 17063 | Lair:6   | Noticed MirrMurr's ghost (journeyman SpEn)
 17075 | Lair:6   | Killed MirrMurr's ghost
 17413 | Lair:6   | Noticed Josephine
 17438 | Lair:6   | Killed Josephine
 17713 | Lair:7   | Received a gift from Trog
 17836 | Lair:7   | Reached skill level 14 in Fighting
 18163 | Lair:7   | Reached XP level 14. HP: 54/132 MP: 14/14
 19541 | Orc:1    | Entered Level 1 of the Orcish Mines
 19679 | Orc:2    | Entered Level 2 of the Orcish Mines
 19724 | Orc:2    | Found a staircase to the Elven Halls.
 19733 | Orc:2    | Noticed an orc warlord
 19759 | Orc:2    | Killed an orc warlord
 19759 | Orc:2    | Reached skill level 15 in Maces & Flails
 21397 | Orc:2    | Found Wutof's Antique Armour Emporium.
 21405 | Orc:2    | Bought a shield for 126 gold pieces
 21601 | Orc:2    | Found a roughly hewn altar of Beogh.
 22832 | Orc:2    | Found Anekelex's Gadget Boutique.
 22835 | Orc:2    | Found Fit Qay's Assorted Antiques.
 22836 | Orc:2    | Found Waag's Assorted Antiques.
 22837 | Orc:2    | Found Birull's General Store.
 22840 | Orc:2    | Bought 2 scrolls labeled LERUMUEFRA for 70 gold pieces
 23037 | Orc:1    | Found Itoy's Armour Shop.
 23100 | Orc:1    | Found Ufoll's Quality Used Wands.
 23475 | D:10     | Reached skill level 15 in Fighting
 24670 | D:11     | Received a gift from Trog
 25160 | D:12     | Reached XP level 15. HP: 137/141 MP: 15/15
 26213 | D:13     | Received a gift from Trog
 27092 | D:13     | Found a gate to the Vaults.
 27595 | D:14     | Noticed Nessos
 27608 | D:14     | Killed Nessos
 27678 | D:14     | Found an opulent altar of Gozag.
 28097 | D:14     | Received a gift from Trog
 28504 | D:14     | Found a sacrificial altar of Ru.
 28592 | D:15     | Entered Level 15 of the Dungeon
 28603 | D:15     | Found a bloodstained altar of Trog.
 28666 | D:15     | Noticed Urug
 28689 | D:15     | Killed Urug
 29319 | D:15     | Found a staircase to the Depths.
 29660 | D:15     | Reached skill level 16 in Fighting
 29901 | D:15     | Noticed Louise
 29937 | D:15     | Killed Louise
 30330 | Lair:8   | Entered Level 8 of the Lair of Beasts
 30764 | Lair:8   | Found a staircase to the Slime Pits.
 30861 | Lair:8   | Received a gift from Trog
 30879 | Lair:8   | Reached XP level 16. HP: 151/151 MP: 16/16
 30950 | Lair:8   | Reached skill level 10 in Shields
 31758 | Lair:8   | Received a gift from Trog
 32426 | Swamp:1  | Entered Level 1 of the Swamp
 33367 | Swamp:2  | HP: 10/228 [something (2)]
 33771 | Swamp:2  | Received a gift from Trog
 35599 | Swamp:3  | Reached skill level 17 in Fighting
 35905 | Swamp:3  | Noticed a thorn hunter
 35918 | Swamp:3  | Killed a thorn hunter
 36236 | Swamp:4  | Entered Level 4 of the Swamp
 37083 | Swamp:3  | Received a gift from Trog
 37107 | Swamp:3  | Reached XP level 17. HP: 147/161 MP: 5/17
 38233 | Swamp:4  | Reached skill level 15 in Dodging
 38766 | Swamp:4  | Got a decaying rune of Zot
 38832 | Swamp:4  | Noticed Nikola
 38850 | Swamp:4  | Killed Nikola
 39032 | Swamp:2  | Received a gift from Trog
 39240 | Snake:1  | Entered Level 1 of the Snake Pit
 39908 | Snake:1  | Noticed Aizul
 39910 | Snake:1  | Found Nouzanut's Jewellery Shop.
 39936 | Snake:1  | Killed Aizul
 40364 | Snake:1  | Bought a cursed amulet of inaccuracy for 32 gold pieces
 40364 | Snake:1  | Bought an uncursed amulet of the gourmand for 480 gold pieces
 41050 | Snake:2  | Noticed Kirke
 41062 | Snake:2  | Received a gift from Trog
 41077 | Snake:2  | Killed Kirke
 41171 | Snake:2  | Found a frozen archway.
 41218 | IceCv    | Entered an ice cave
 41934 | IceCv    | Noticed an Ice Fiend
 41949 | IceCv    | Killed an Ice Fiend
 42465 | Snake:2  | Reached skill level 18 in Fighting
 42600 | Snake:2  | Got a pair of jewelled gloves
 42601 | Snake:2  | Identified the -3 pair of gloves "Qiphur" {Str+7 Dex+2} (You found it on level 2 of the Snake Pit)
 42680 | Snake:2  | Received a gift from Trog
 43322 | Snake:3  | Reached XP level 18. HP: 172/172 MP: 18/18
 43629 | Snake:3  | Reached skill level 15 in Shields
 43802 | Snake:3  | Found Lumaolesm's Antique Armour Boutique.
 43834 | Snake:3  | Bought the +3 pair of gauntlets of War {Slay+5} for 1520 gold pieces
 44244 | Snake:4  | Entered Level 4 of the Snake Pit
 44742 | Snake:4  | Received a gift from Trog
 45248 | Snake:4  | Noticed Vashnia
 45268 | Snake:4  | HP: 7/173 [anaconda (6)]
 45275 | Snake:4  | HP: 3/173 [greater naga/spear (15)]
 45275 | Snake:4  | Slain by a naga mage

Skill      XL: |  1  2  3  4  5  6  7  8  9 10 11 12 13 14 15 16 17 18 |
---------------+-------------------------------------------------------+-----
Fighting       | 4 5 6 7 8 9 11 12 14 15 16 17 18 | 18.5
Dodging        | 3 4 5 6 7 8 9 10 12 13 14 15 16 | 16.1
Maces & Flails | 5 7 8 10 12 13 14 16 | 16.2
Stealth        | 1 5 |  5.2
Shields        | 5 9 12 14 15 | 15.1

Action                   |  1- 3 |  4- 6 |  7- 9 | 10-12 | 13-15 | 16-18 || total
-------------------------+-------+-------+-------+-------+-------+-------++-------
Melee: Mace              |    10 |       |       |       |       |       ||    10
       Whip              |    93 |    97 |   311 |       |       |       ||   501
       Tailslap          |    10 |     7 |    56 |   190 |   452 |   600 ||  1315
       Flail             |       |       |   149 |  1001 |       |       ||  1150
       Dire flail        |       |       |       |    69 |   256 |       ||   325
       Morningstar       |       |       |       |       |  1769 |   231 ||  2000
       Demon whip        |       |       |       |       |       |  1848 ||  1848
       Eveningstar       |       |       |       |       |       |   312 ||   312
Invok: Berserk           |       |     1 |     3 |    15 |    21 |    15 ||    55
       Trog's Hand       |       |     1 |     3 |     6 |     5 |     7 ||    22
       Brothers in Arms  |       |       |       |     1 |     6 |     8 ||    15
  Use: Scroll            |     2 |     4 |     7 |    16 |     8 |     5 ||    42
       Potion            |       |       |     1 |     3 |     4 |     2 ||    10
 Stab: Sleeping          |     1 |       |     5 |     6 |    16 |    10 ||    38
       Distracted        |       |       |       |       |     7 |     7 ||    14
       Confused          |       |       |       |       |       |     7 ||     7
  Eat: Chunk             |       |     4 |    17 |    33 |    66 |    31 ||   151
       Meat ration       |       |       |       |     3 |     1 |     7 ||    11
       Beef jerky        |       |       |       |     1 |       |       ||     1
       Pizza             |       |       |       |       |     1 |     1 ||     2
       Royal jelly       |       |       |       |       |     1 |     1 ||     2
Armor: Skin              |    39 |    16 |   158 |   230 |   341 |   327 ||  1111
Dodge: Dodged            |    81 |    56 |   334 |   710 |  1457 |  1388 ||  4026
Block: Buckler           |       |       |       |    42 |   232 |       ||   274
       Shield            |       |       |       |       |   456 |  1319 ||  1775
